 Dungeon Crawl Stone Soup version 0.28-a0-1190-g77e1c55843 (webtiles) character file.

Game seed: 6364748765170690927

107 AigisTheKnight the Conjurer (level 4, -4/35 HPs)
             Began as a Draconian Conjurer on Dec 19, 2021.
             Slain by an iguana (9 damage)
             ... on level 3 of the Dungeon.
             The game lasted 00:06:12 (3569 turns).

AigisTheKnight the Conjurer (Draconian Conjurer)    Turns: 3569, Time: 00:06:13

Health: -4/35      AC:  5    Str:  9    XL:     4   Next: 56%
Magic:  2/7        EV: 12    Int: 21    God:
Gold:   114        SH:  0    Dex:  9    Spells: 3/8 levels left

rFire   . . .      SeeInvis .   l - +0 morningstar
rCold   . . .      Faith    .   (no shield)
rNeg    . . .      Spirit   .   (armour unavailable)
rPois   .          Reflect  .   (helmet restricted)
rElec   .          Harm     .   (no cloak)
rCorr   .          Rampage  .   (no gloves)
Will    .....                   (no boots)
Stlth   ++........              (no amulet)
HPRegen 0.11/turn               (no ring)
MPRegen 0.10/turn               (no ring)

@: very slightly contaminated
A: AC +5, unfitting armour, cold-blooded
a: no special abilities


You were on level 3 of the Dungeon.
You visited 1 branch of the dungeon, and saw 3 of its levels.

You collected 114 gold pieces.

Inventory:

Hand Weapons
 a - a +0 club
 b - a +0 whip
 l - a +0 morningstar (weapon)
Armour
 m - a +0 kite shield
Jewellery
 i - an amulet of reflection
Scrolls
 e - 2 scrolls of amnesia {unknown}
 f - a scroll of immolation
 g - 2 scrolls of enchant armour {unknown}
 h - 4 scrolls of identify {unknown}
 k - a scroll of noise {unknown}
Potions
 c - 2 potions of heal wounds {unknown}
 d - 3 potions of curing {unknown}
 j - a potion of mutation {unknown}


   Skills:
 + Level 1.6 Fighting
 + Level 2.5 Dodging
 + Level 2.6 Stealth
 + Level 2.6 Spellcasting
 + Level 4.4 Conjurations
 + Level 0.0 Translocations


You had 3 spell levels left.
You knew the following spells:

 Your Spells              Type           Power      Damage    Failure   Level
a - Magic Dart            Conj           84%        1d7       2%          1
b - Blink                 Tloc           4%         N/A       22%         2
c - Searing Ray           Conj           42%        2d6       3%          2

Your spell library contained the following spells:

 Spells                   Type           Power      Damage    Failure   Level
 Dazzling Flash           Conj/Hex       24%        N/A       17%         3
 Ozocubu's Armour         Ice            2%         N/A       38%         3
 Fulminant Prism          Conj/Hex       6%         3d7       50%         4
 Iskenderun's Mystic Bla  Conj/Tloc      12%        2d5       50%         4
 Manifold Assault         Tloc           2%         N/A       98%         5
 Ozocubu's Refrigeration  Ice            1%         4d5       100%        7
 Storm Form               Tmut/Air       1%         N/A       100%        7


Dungeon Overview and Level Annotations

Branches:
Dungeon (3/15)

Altars:
Qazlal


Innate Abilities, Weirdness & Mutations

Your plain brown scales are hard. (AC +5)
You cannot fit into any form of body armour.
You are cold-blooded and may be slowed by cold attacks.


Message History

Confirm with . or Enter, or press ? or * to list all spells.
Aiming: Magic Dart (safe; 2% risk of failure)
Press: ? - help, Shift-Dir - straight line, f/p - iguana
Aim: an iguana (heavily wounded, 100% to hit)
The magic dart hits the iguana but does no damage.
The iguana is heavily wounded.
Unknown command.
Casting: Magic Dart (safe; 2% risk of failure)
Confirm with . or Enter, or press ? or * to list all spells.
Aiming: Magic Dart (safe; 2% risk of failure)
Press: ? - help, Shift-Dir - straight line, f/p - iguana
Aim: an iguana (heavily wounded, 100% to hit)
You miscast Magic Dart.
You are very lightly contaminated with residual magic.
Nothing appears to happen.
The iguana bites you!
* * * LOW HITPOINT WARNING * * *
Casting: Magic Dart (safe; 2% risk of failure)
Confirm with . or Enter, or press ? or * to list all spells.
Aiming: Magic Dart (safe; 2% risk of failure)
Press: ? - help, Shift-Dir - straight line, f/p - iguana
Aim: an iguana (heavily wounded, 100% to hit)
The magic dart hits the iguana but does no damage.
The iguana is heavily wounded.
The iguana closely misses you.
Unknown command.
Casting: Magic Dart (safe; 2% risk of failure)
Confirm with . or Enter, or press ? or * to list all spells.
Aiming: Magic Dart (safe; 2% risk of failure)
Press: ? - help, Shift-Dir - straight line, f/p - iguana
Aim: an iguana (heavily wounded, 100% to hit)
The magic dart hits the iguana but does no damage.
The iguana is heavily wounded.
The iguana closely misses you.
Unknown command.
The iguana misses you.
An iguana is nearby!
You barely miss the iguana.
The iguana is heavily wounded.
The iguana bites you!
You die...

####.###.....##.###.#############
##...##.#.##.##.# #.# #.........
##..###.#.......# #.# #.########
##.## #.####.##.# #.# #.# ##.##
#.# #.##.# #.# #.#
#(..###.####.##.# #.# #.#
.....##......##.# #.# #.# ####
.........###.##.###.####.#####...
.........###.##.@l...............
#...###......###########.########
##.## ##.##### #†# # ### #<.. ...
# ####. ..... . # ######. # .. ##


You could see an iguana.

Vanquished Creatures
  3 adders
  A worm (D:2)
  2 dart slugs
  3 orcs (D:3)
  4 ball pythons
  5 bats
  5 endoplasms
  4 giant cockroaches (D:1)
  7 goblins
  10 hobgoblins
  2 jackals (D:1)
  4 kobolds
  4 quokkas
  5 frilled lizards
59 creatures vanquished.

Notes
Turn   | Place    | Note
-------+----------+-------------------------------------------
     0 | D:1      | AigisTheKnight the Draconian Conjurer began the quest for
                  | the Orb.
     0 | D:1      | Reached XP level 1. HP: 14/14 MP: 3/3
   193 | D:1      | Reached XP level 2. HP: 20/20 MP: 0/5
   670 | D:1      | Found a faded altar of an unknown god.
  1125 | D:1      | Reached XP level 3. HP: 27/27 MP: 3/6
  1745 | D:2      | Reached skill level 1 in Fighting
  2149 | D:2      | Reached XP level 4. HP: 32/35 MP: 1/7
  3338 | D:3      | Found a stormy altar of Qazlal.
  3478 | D:3      | Learned a level 2 spell: Blink
  3481 | D:3      | Learned a level 2 spell: Searing Ray
  3569 | D:3      | Slain by an iguana

Illustrated notes

Levels and vault maps discovered:
D:1:      dpeg_arrival_castle, layout_basic, hellmonk_ecumenical_altar_blasted,
          minmay_heptomino_l4
D:2:      minmay_general_purpose_star, layout_basic
D:3:      layout_loops_ring, grunt_qazlal_clouds, ebering_ghost_sewer_f

Skill      XL: |  1  2  3 |
---------------+----------+-----
Dodging        | 2 |  2.5
Stealth        | 2 |  2.6
Fighting       | 1 |  1.6
Spellcasting   | |  2.6
Conjurations   | |  4.4

Action                   |  1- 3 |  4- 6 || total
-------------------------+-------+-------++-------
Melee: Unarmed           |    10 |       ||    10
       Club              |     6 |       ||     6
       Tailslap          |     8 |     1 ||     9
       Whip              |   120 |    21 ||   141
       Morningstar       |       |    31 ||    31
 Cast: Magic Dart        |    50 |    32 ||    82
 Stab: Sleeping          |     4 |     2 ||     6
Armor: Skin              |    55 |    28 ||    83
Dodge: Dodged            |   100 |    43 ||   143

Table legend: (Time is in decaauts)
 A = Elapsed time spent in this place.
 B = Non-inter-level travel time spent in this place.
 C = Inter-level travel time spent in this place.
 D = Time resting spent in this place.
 E = Time spent auto-exploring this place.
 F = Levels seen in this place.
 G = Mean time per level.
                   A        B        C        D        E       F      G
               +--------+--------+--------+--------+--------+-----+--------+
         Total |   3603 |   3522 |     81 |    527 |   2288 |   3 | 1201.0 |
       Dungeon |   3603 |   3522 |     81 |    527 |   2288 |   3 | 1201.0 |
               +--------+--------+--------+--------+--------+-----+--------+

Top non-repeatable levels by time:
     D:1: 1596 daAuts
     D:2: 1579 daAuts
     D:3: 427 daAuts
